 Dungeon Sprint DCSS version 0.23.2-1-ga50397a6bc (webtiles) character file.

Game seed: 7120366913646244514

456 Kobolds4U the Unseen (level 6, -2/30 HPs)
             Began as a Spriggan Assassin on May 28, 2019.
             Splashed by a jelly's acid (3 damage)
             ... in the Dungeon (Sprint I: "Red Sonja").
             The game lasted 00:01:18 (244 turns).

Kobolds4U the Unseen (Spriggan Assassin)             Turns: 244, Time: 00:01:19

Health: -2/30      AC: -5    Str:  7    XL:     6   Next: 77%
Magic:  7/7        EV: 29    Int: 12    God:
Gold:   162        SH:  0    Dex: 20    Spells: 5/5 levels left

rFire    . . .     SeeInvis +   a - +2 dagger
rCold    . . .     Gourm    .   (shield restricted)
rNeg     . . .     Faith    .   c - +0 robe
rPois    .         Spirit   .   (helmet restricted)
rElec    .         Reflect  .   d - +0 cloak
rCorr    .         Harm     .   (gloves unavailable)
MR       +....     NoTele   +   (boots unavailable)
Stlth    +++++++...             (no amulet)
HPRegen  0.10/turn              (no ring)
MPRegen  0.10/turn              (no ring)

@: corroded, very quick
A: very small, unfitting armour, see invisible, herbivore, speed 3, slow
metabolism 2
a: no special abilities


You were in the Dungeon.
You were not hungry.

You visited 1 branch You collected 162 gold pieces.

Inventory:

Hand Weapons
 a - a +2 dagger (weapon)
 b - a +0 blowgun
Missiles
 e - 3 poisoned needles
Armour
 c - a +0 robe (worn)
 d - a +0 cloak (worn)
Scrolls
 m - a scroll of blinking
Potions
 h - a potion of curing
 i - a potion of heal wounds
 j - a potion of haste
 k - 2 potions of magic
 l - a potion of berserk rage
 n - a potion of degeneration {unknown}
Comestibles
 g - a ration


   Skills:
 - Level 1.5 Fighting
 - Level 2.1 Short Blades
 - Level 2.0 Throwing
 + Level 11.7 Dodging
 * Level 17.7 Stealth


You had 5 spell levels left.
You didn't know any spells.
Your spell library was empty.

Dungeon Overview and Level Annotations

Branches:
Dungeon (1/1)

Altars:
Makhleb
Sif Muna
Vehumet
Wu Jian
Xom
Jiyva
Lugonu


Innate Abilities, Weirdness & Mutations

You are very small and have problems with some larger weapons.
You are too small for most types of armour.
You have supernaturally acute eyesight. (SInv)
You are a herbivore.
You cover ground extremely quickly.
You need to consume almost no food.


Message History

The jelly is moderately wounded.
There is a fountain of clear blue water here.
Firing (i - inventory)
e - 4 poisoned needles (quivered)
Press: ? - help, Shift-Dir - straight line, f/p - jelly
Aim: a jelly (moderately wounded, poisoned)
You shoot a poisoned needle. The poisoned needle hits the jelly.
The jelly is moderately wounded.
The jelly looks more healthy.
The jelly completely misses you.
a - a +2 dagger (weapon)
You hit the jelly. The acid corrodes you!
Your hands burn!
* * * LOW HITPOINT WARNING * * *
The jelly is moderately wounded.
The jelly misses you.
You hit the jelly but do no damage. The acid corrodes you!
Your hands burn!
* * * LOW HITPOINT WARNING * * *
The jelly is moderately wounded.
The jelly completely misses you.
You hit the jelly but do no damage.
Your hands burn!
You die...

##################
#<.#..'((#.)...#__
#.)(.(#.....#..'..
#..#####'#####J#__
#@(# #..# #)###
#J(# #### #$# #..#
#_.+ #⌠⌠# ..._#
#### #_.#+# ##+


You could see a jelly.

Vanquished Creatures
  A slime creature (D)
  Sigmund (D)
  An ogre (D)
  Ijyb (D)
4 creatures vanquished.

Notes
Turn   | Place    | Note
-------+----------+-------------------------------------------
     0 | D        | Kobolds4U the Spriggan Assassin began the quest for the
                  | Orb.
     0 | D        | Reached XP level 1. HP: 10/10 MP: 2/2
     1 | D        | Noticed Ijyb
    34 | D        | Killed Ijyb
    34 | D        | Reached skill level 9 in Stealth
    34 | D        | Reached XP level 2. HP: 9/14 MP: 3/3
   145 | D        | Noticed an ogre
   158 | D        | Killed an ogre
   158 | D        | Reached skill level 12 in Stealth
   158 | D        | Reached XP level 3. HP: 18/18 MP: 4/4
   158 | D        | Reached XP level 4. HP: 22/22 MP: 5/5
   180 | D        | Noticed Sigmund
   184 | D        | Killed Sigmund
   184 | D        | Reached skill level 10 in Dodging
   184 | D        | Reached skill level 15 in Stealth
   184 | D        | Reached XP level 5. HP: 25/25 MP: 6/6
   196 | D        | Found a burning altar of Makhleb.
   196 | D        | Found a viscous altar of Jiyva.
   196 | D        | Found a shimmering altar of Xom.
   196 | D        | Found a corrupted altar of Lugonu.
   196 | D        | Noticed a slime creature
   199 | D        | Killed a slime creature
   199 | D        | Reached skill level 17 in Stealth
   199 | D        | Reached XP level 6. HP: 30/30 MP: 7/7
   201 | D        | Found an ornate altar of the Wu Jian Council.
   201 | D        | Found a deep blue altar of Sif Muna.
   203 | D        | Found a radiant altar of Vehumet.
   243 | D        | HP: 1/30 [acid (1)]
   244 | D        | Splashed by a jelly's acid

Skill      XL: |  1  2  3  4  5 |
---------------+----------------+-----
Dodging        | 4 7 10 11 | 11.7
Stealth        | 9 12 15 17 | 17.7
Fighting       | |  1.5
Short Blades   | |  2.1
Throwing       | |  2.0

Action                   |  1- 3 |  4- 6 || total
-------------------------+-------+-------++-------
Melee: Unarmed           |    14 |       ||    14
       Dagger            |    10 |    11 ||    21
 Fire: Blowgun           |     4 |     6 ||    10
 Stab: Confused          |     3 |       ||     3
       Sleeping          |       |     2 ||     2
Armor: Skin              |     2 |       ||     2
Dodge: Dodged            |    10 |     7 ||    17
